 Dungeon Crawl Stone Soup version 0.30-a0-722-g3e6e8c874d (webtiles) character file.

Game seed: 2755501638379152443

181 avis the Shooter (level 5, -5/45 HPs)
             Began as a Demigod Hunter on Jan 28, 2023.
             Killed from afar by a steam dragon (26 damage)
             ... with a ball of steam
             ... on level 3 of the Dungeon.
             The game lasted 00:12:33 (2181 turns).

avis the Shooter (Demigod Hunter)                   Turns: 2181, Time: 00:12:33

Health: -5/45      AC:  5    Str: 12    XL:     5   Next: 11%
Magic:  7/7        EV: 13    Int: 11    God:
Gold:   124        SH:  0    Dex: 21    Spells: 4/4 levels left

rFire   . . .      SeeInvis .    b - +3 dagger (venom)
rCold   . . .      Faith    .    (no shield)
rNeg    . . .      Spirit   .    c - +0 leather armour
rPois   .          Reflect  .    q - +0 helmet
rElec   .          Harm     .    (no cloak)
rCorr   .          Rampage  .    (no gloves)
Will    .....                    k - +0 pair of boots
Stlth   ++                       (no amulet)
HPRegen 0.27/turn                (no ring)
MPRegen 0.10/turn                (no ring)

@: no status effects
A: high MP 1, forlorn, divine attributes
a: no special abilities


You were on level 3 of the Dungeon.
You visited 1 branch of the dungeon, and saw 3 of its levels.

You collected 124 gold pieces.

Inventory:

Hand Weapons
 a - a +0 shortbow
 b - a +3 dagger of venom (weapon)
 e - a +0 dagger
 w - a +2 spear of freezing
Missiles
 h - 6 datura-tipped darts
Armour
 c - a +0 leather armour (worn)
 k - a +0 pair of boots (worn)
 q - a +0 helmet (worn)
 v - a +0 cloak
Wands
 j - a wand of quicksilver (12)
Scrolls
 d - 2 scrolls of fog {unknown}
 g - 5 scrolls of identify {unknown}
 i - 4 scrolls of teleportation {unknown}
 n - a scroll of immolation
 o - a scroll of amnesia {unknown}
 p - 2 scrolls of enchant weapon {unknown}
 y - a scroll of blinking {unknown}
Potions
 f - a potion of brilliance {unknown}
 l - a potion of cancellation {unknown}
 m - a potion of curing {unknown}
 r - a potion of attraction {unknown}
 s - a potion of lignification {unknown}
 t - a potion of might {unknown}
 u - a potion of magic {unknown}
 x - a potion of flight {unknown}
 z - a potion of mutation {unknown}
 A - a potion of berserk rage {unknown}


   Skills:
 - Level 3.0 Fighting
 * Level 4.6 Ranged Weapons
 - Level 3.0 Dodging
 - Level 2.0 Stealth


You had 4 spell levels left.
You didn't know any spells.
Your spell library contained the following spells:

 Spells                   Type           Power      Damage    Failure   Level
 Sandblast                Erth           0%         2d4       41%         1
 Passwall                 Tmut/Erth      0%         N/A       56%         2
 Stone Arrow              Conj/Erth      0%         3d7       80%         3
 Borgnjor's Revivificati  Necr           0%         N/A       100%        8
 Necromutation            Tmut/Necr      0%         N/A       100%        8
 Death's Door             Necr           0%         N/A       100%        9


Dungeon Overview and Level Annotations

Branches:
Dungeon (3/15)

Shops:
D:2 [

Annotations:
D:3 exclusion: steam dragon


Innate Abilities, Weirdness & Mutations

You have an increased reservoir of magic. (+10% MP)
You shall have no god before yourself.
Your divine heritage dramatically boosts your attributes as you level up.


Message History

You open the door.
An orc comes into view. It is wielding a +0 club.
Found a ring mail and a flail.
Fire: a) +0 shortbow
Press: ? - help, Q - select action, (/) - cycle Shift-Dir - straight line, f - orc
Aim: an orc, wielding a +0 club (asleep, 98% to hit)
You shoot an arrow. The arrow completely misses the orc.
The orc shouts!
Fire: a) +0 shortbow
Press: ? - help, Q - select action, (/) - cycle Shift-Dir - straight line, f/p - orc
Aim: an orc, wielding a +0 club (65% to hit)
You shoot an arrow. The arrow hits the orc!
You kill the orc!
There is an open door here.
Things that are here:
a +0 club; a +0 ring mail
There is an open door here.
Found an escape hatch in the floor.
There is an escape hatch in the floor here.
Found an escape hatch in the ceiling.
Your +3 dagger of venom begins to drip with poison!
b - a +3 dagger of venom (weapon)
The steam dragon hisses angrily.
The steam dragon breathes steam at you. The ball of steam hits you.
You hear a shout!
The steam dragon bites you. The steam dragon claws you.
You hit the steam dragon.
The steam dragon is poisoned.
The steam dragon is lightly wounded.
The steam dragon completely misses you.
The steam dragon claws you but does no damage.
You hit the steam dragon but do no damage.
The steam dragon looks even sicker.
The steam dragon is lightly wounded.
The steam dragon breathes steam at you. The ball of steam hits you!
The steam dragon breathes steam at you. The ball of steam hits you!!
Ouch! That really hurt!
You die...

#.# #.<.....#
#.# ##......#
#.####
##...#.#
#....# #.###
# ####.# #.#
#.# #.# #.#
#!# #.# #.#
#.####@####.#
#...§§§D....#
######.######
#.# #.# #.#
#.# #<# #..


You could see a steam dragon (very poisoned, catching breath).

Vanquished Creatures
  An iguana (D:3)
  Robin (D:2)
  4 gnolls (D:2)
  3 adders
  2 worms (D:2)
  3 dart slugs
  An orc (D:3)
  6 endoplasms
  2 giant cockroaches
  7 goblins
  9 hobgoblins
  3 jackals (D:1)
  7 kobolds
  A quokka (D:1)
  5 ball pythons
  4 bats
  3 frilled lizards (D:1)
  5 rats
67 creatures vanquished.

Notes
Turn   | Place    | Note
-------+----------+-------------------------------------------
     0 | D:1      | avis the Demigod Hunter began the quest for the Orb.
     0 | D:1      | Reached XP level 1. HP: 17/17 MP: 3/3
    97 | D:1      | Reached skill level 4 in Ranged Weapons
   120 | D:1      | Reached XP level 2. HP: 24/24 MP: 4/4
   606 | D:1      | Reached XP level 3. HP: 15/29 MP: 5/5
   712 | D:2      | Reached skill level 1 in Stealth
   719 | D:2      | Found Neduroy's Armour Emporium.
   876 | D:2      | Noticed Robin
   890 | D:2      | Killed Robin
  1081 | D:2      | Reached XP level 4. HP: 36/37 MP: 6/6
  1636 | D:3      | Noticed a steam dragon
  2020 | D:3      | Reached XP level 5. HP: 44/45 MP: 7/7
  2181 | D:3      | Killed from afar by a steam dragon

Illustrated notes

Levels and vault maps discovered:
D:1:      sevenhm_arrival_forest_fort_small_4, layout_rooms, minmay_heptomino_o4
D:2:      layout_basic, serial_shops, nicolae_shop_hallway_stairs,
          ebering_ecumenical_altar_box, uniq_robin
D:3:      kennysheep_six_static_rooms, layout_loops_ring, uniq_natasha

Skill      XL: |  1  2  3  4 |
---------------+-------------+-----
Fighting       | 2 3 |  3.0
Ranged Weapons | 4 |  4.6
Dodging        | 2 3 |  3.0
Stealth        | 2 |  2.0

Action                     |  1- 3 |  4- 6 || total
---------------------------+-------+-------++-------
  Melee: Dagger            |    13 |    13 ||    26
   Fire: Shortbow          |    97 |    71 ||   168
 Armour: Leather armour    |    16 |    13 ||    29
  Dodge: Dodged            |    39 |    23 ||    62

Table legend: (Time is in decaauts)
 A = Elapsed time spent in this place.
 B = Non-inter-level travel time spent in this place.
 C = Inter-level travel time spent in this place.
 D = Time resting spent in this place.
 E = Time spent auto-exploring this place.
 F = Levels seen in this place.
 G = Mean time per level.
                   A        B        C        D        E       F      G
               +--------+--------+--------+--------+--------+-----+--------+
         Total |   2240 |   2057 |    183 |    204 |   1257 |   3 |  746.7 |
       Dungeon |   2240 |   2057 |    183 |    204 |   1257 |   3 |  746.7 |
               +--------+--------+--------+--------+--------+-----+--------+

Top non-repeatable levels by time:
     D:2: 962 daAuts
     D:1: 757 daAuts
     D:3: 520 daAuts
